 Dungeon Crawl Stone Soup version 0.30-a0-165-g1891117ce2 (webtiles) character file.

Game seed: 8860703547849530434

141 qw the Shield-Bearer (level 5, -2/32 HPs)
             Began as a Gargoyle Fighter on Sept 28, 2022.
             Slain by a gnoll
             ... wielding a +0 rapier
              (3 damage)
             ... on level 4 of the Dungeon.
             The game lasted 00:01:03 (3250 turns).

qw the Shield-Bearer (Gargoyle Fighter)             Turns: 3250, Time: 00:01:04

Health: -2/32      AC: 13    Str: 22    XL:     5   Next: 24%
Magic:  5/5        EV:  6    Int:  8    God:
Gold:   169        SH:  8    Dex:  9    Spells: 4/4 levels left

rFire   . . .      SeeInvis .    Y - +0 war axe
rCold   . . .      Faith    .    f - +0 kite shield
rNeg    + + .      Spirit   .    j - +0 chain mail
rPois   inf        Reflect  .    (no helmet)
rElec   +          Harm     .    (no cloak)
rCorr   .          Rampage  .    (no gloves)
Will    .....                    (no boots)
Stlth   ..........               (no amulet)
HPRegen 0.10/turn                k - ring of positive energy
MPRegen 0.09/turn                (no ring)

@: about to teleport
A: sickness immunity, AC +4, negative energy resistance 1, electricity
resistance, torment resistance 1, petrification resistance
a: no special abilities


You were on level 4 of the Dungeon.
You visited 1 branch of the dungeon, and saw 4 of its levels.

You collected 169 gold pieces.


Innate Abilities, Weirdness & Mutations

You are immune to sickness and miasma.
Your stone body is resilient. (AC +4)
You are immune to poison.
You resist negative energy. (rN+)
You are resistant to electric shocks. (rElec)
You are resistant to unholy torment.
You are immune to petrification.


   Skills:
 - Level 3.2 Fighting
 - Level 4.0 Axes
 - Level 3.2 Armour
 + Level 4.6 Shields


You had 4 spell levels left.
You didn't know any spells.
Your spell library was empty.

Inventory:

Hand Weapons
 c - a +0 flail
 Y - a +0 war axe (weapon)
Missiles
 i - 2 boomerangs (quivered)
Armour
 f - a +0 kite shield (worn)
 j - a +0 chain mail (worn)
Jewellery
 k - a ring of positive energy (left hand)
Scrolls
 a - 3 scrolls of identify
 b - a scroll of enchant weapon {unknown}
 g - 3 scrolls of teleportation
 l - a scroll of butterflies {unknown}
Potions
 d - 3 potions of might
 e - a potion of resistance
 h - a potion of curing

Dungeon Overview and Level Annotations

Branches:
Dungeon (4/15)
 Temple: D:4-7

Altars:
Hepliaklqana
Sif Muna
Xom


Message History

You hit the gnoll.
The gnoll is lightly wounded.
You hear an angry hiss.
Something hits you. The gnoll hits you with a +0 rapier.
Something hits you but does no damage. You block the gnoll's attack.
An adder comes into view.
You barely miss the gnoll.
The gnoll is lightly wounded.
Something hits you but does no damage. The gnoll closely misses you.
You hit the gnoll but do no damage.
The gnoll is lightly wounded.
Something hits you but does no damage. You block the gnoll's attack.
Something hits you. The gnoll hits you with a +0 rapier.
You barely miss the gnoll.
The gnoll is lightly wounded.
Something hits you. The gnoll barely misses you.
You completely miss the gnoll.
The gnoll is lightly wounded.
Something hits you but does no damage. The gnoll hits you but does no damage.
Something hits you but does no damage.
The gnoll shouts!
You hit the gnoll.
The gnoll is lightly wounded.
Something hits you but does no damage. The gnoll hits you but does no damage.
You barely miss the gnoll.
The gnoll is lightly wounded.
Something hits you. You block the gnoll's attack. Something hits you.
The gnoll hits you but does no damage.
3248 ||| READING 4 scrolls of teleportation.
As you read the scroll of teleportation, it crumbles to dust.
You feel strangely unstable. Something hits you but does no damage.
You block the gnoll's attack.
You slash the gnoll!
You kill the gnoll!
Something hits you.
You closely miss the gnoll.
The gnoll is lightly wounded.
Something hits you but does no damage. You block the gnoll's attack.
The gnoll hits you with a +0 rapier.
You die...

.. .. #.# .# #.# .g
#.# .# #.# .# #
#####.# .###..# #
..##)####S.....# #.
#.#...%@g{g.#
#..####.#..########
#..........#
##.........#
#####.##### #.# #.#
#.# #.#


You could see 2 gnolls and an adder.

Vanquished Creatures
  An orc wizard (D:3)
  A gnoll (D:4)
  3 adders
  A worm (D:4)
  3 dart slugs
  5 orcs (D:3)
  8 bats
  6 endoplasms
  3 goblins
  9 hobgoblins
  8 kobolds
  2 quokkas (D:1)
  6 ball pythons
  3 frilled lizards (D:3)
  5 rats
64 creatures vanquished.

Notes
Turn   | Place    | Note
-------+----------+-------------------------------------------
     0 | D:1      | qw the Gargoyle Fighter began the quest for the Orb.
     0 | D:1      | Reached XP level 1. HP: 14/14 MP: 1/1
     0 | D:1      | 0 ||| qw: Version: 0.2-a-12-gaebbb33
     0 | D:1      | 0 ||| qw: Game counter: 810
     0 | D:1      | 0 ||| qw: Always use a shield: true
     0 | D:1      | 0 ||| qw: God list: Okawaru
     0 | D:1      | 0 ||| qw: Allow faded altars: false
     0 | D:1      | 0 ||| qw: Do Orc after D:15 true
     0 | D:1      | 0 ||| qw: Do second Lair branch before Depths: true
     0 | D:1      | 0 ||| qw: Lair rune preference: random
     0 | D:1      | 0 ||| qw: Plans: Normal, Zot:1-4, God:TSO, Crypt, Tomb,
                  | Pan, Slime:5, Hells, Abyss, Orb
     0 | D:1      | 0 ||| PLANNING D:1-11
    79 | D:1      | 79 ||| Stepping ~*~*~tactically~*~*~ (hiding).
   141 | D:1      | Reached XP level 2. HP: 14/19 MP: 2/2
   346 | D:1      | 346 ||| Stepping ~*~*~tactically~*~*~ (stealth).
   598 | D:1      | Reached skill level 3 in Axes
   676 | D:1      | 676 ||| DROPPING +0 club.
   704 | D:1      | Reached XP level 3. HP: 18/23 MP: 3/3
   931 | D:1      | 931 ||| Stepping ~*~*~tactically~*~*~ (stealth).
   937 | D:1      | 937 ||| Stepping ~*~*~tactically~*~*~ (stealth).
  1108 | D:1      | 1108 ||| READING scroll labelled WOAKLA XANU.
  1163 | D:1      | 1163 ||| READING scroll labelled CEICYR ROLITIC.
  1164 | D:1      | 1164 ||| READING scroll labelled PANI ATOFI.
  1165 | D:1      | 1165 ||| READING scroll labelled OTIWNA ROEDU.
  1166 | D:1      | 1166 ||| READING scroll labelled LYTTIO WICHOA.
  1398 | D:2      | 1398 ||| Stepping ~*~*~tactically~*~*~ (stealth).
  2105 | D:2      | Reached XP level 4. HP: 23/28 MP: 4/4
  2169 | D:2      | 2169 ||| UPGRADING to +0 kite shield.
  2179 | D:2      | 2179 ||| DROPPING +0 buckler.
  2180 | D:2      | 2180 ||| DRINKING 2 viscous coppery potions.
  2228 | D:3      | 2228 ||| DROPPING +0 whip.
  2499 | D:3      | Reached XP level 5. HP: 29/32 MP: 5/5
  2577 | D:3      | Found a shimmering altar of Xom.
  2578 | D:3      | Found a hazy altar of Hepliaklqana.
  2579 | D:3      | Noticed a spectral ugly thing
  2660 | D:3      | Found a shimmering blue altar of Sif Muna.
  2940 | D:3      | Found a faded altar of an unknown god.
  2954 | D:3      | Found the +3 woodcutter's axe {vorpal}
  3068 | D:3      | 3068 ||| UPGRADING to +0 chain mail.
  3078 | D:3      | 3078 ||| DROPPING +0 scale mail.
  3079 | D:3      | 3079 ||| UPGRADING to ring of positive energy.
  3080 | D:3      | 3080 ||| READING scroll labelled ROOTAI BUUJ.
  3081 | D:3      | 3081 ||| DRINKING 2 black potions.
  3212 | D:4      | 3212 ||| Stepping ~*~*~tactically~*~*~ (hiding).
  3228 | D:4      | 3228 ||| Stepping ~*~*~tactically~*~*~ (hiding).
  3234 | D:4      | 3234 ||| Stepping ~*~*~tactically~*~*~ (stealth).
  3239 | D:4      | 3239 ||| Stepping ~*~*~tactically~*~*~ (stealth).
  3247 | D:4      | HP: 7/32 [something (4)]
  3248 | D:4      | 3248 ||| READING 4 scrolls of teleportation.
  3249 | D:4      | HP: 1/32 [something (6)]
  3250 | D:4      | Slain by a gnoll

Levels and vault maps discovered:
D:1:      sevenhm_arrival_forest_fort_small_3, layout_basic
D:2:      layout_basic
D:3:      layout_loops_ring, led_sif_pool, regret_index_temple_of_mockery,
          hellmonk_ecumenical_altar_pennies_from_heaven
D:4:      layout_loops_ring, nicolae_tso_swordbearing_angel

Skill      XL: |  1  2  3  4 |
---------------+-------------+-----
Axes           | 2 3 4 |  4.0
Shields        | 4 |  4.6
Fighting       | |  3.2
Armour         | |  3.2

Action                   |  1- 3 |  4- 6 || total
-------------------------+-------+-------++-------
Melee: War axe           |   107 |    88 ||   195
Throw: Boomerang         |       |    16 ||    16
  Use: Scroll            |     5 |     2 ||     7
       Potion            |       |     2 ||     2
Armor: Scale mail        |    53 |    31 ||    84
       Chain mail        |       |    19 ||    19
Dodge: Dodged            |    45 |    34 ||    79
Block: Buckler           |    21 |       ||    21
       Kite shield       |       |    40 ||    40

Table legend:
 A = Non-vault XP
 B = Vault XP
 C = Vault XP percentage of total XP
 D = Non-vault monster count
 E = Vault monster count
 F = Vault count percentage of total count
                 A         B        C        D         E       F
            +---------+---------+-------+---------+---------+-------
      Total |     202 |       0 |   0.0 |      64 |       0 |   0.0
            +---------+---------+-------+---------+---------+-------
        D:1 |      45 |       0 |   0.0 |      27 |       0 |   0.0
        D:2 |      38 |       0 |   0.0 |      14 |       0 |   0.0
        D:3 |      89 |       0 |   0.0 |      17 |       0 |   0.0
        D:4 |      30 |       0 |   0.0 |       6 |       0 |   0.0
            +---------+---------+-------+---------+---------+-------
